 Dungeon Crawl Stone Soup version 0.30.0 (webtiles) character file.

Game seed: 9919571141524860853

23394 Dani the Cleaver (level 12, -26/101 HPs)
             Began as a Demonspawn Fighter on May 21, 2023.
             Was an Elder of Ashenzari.
             Annihilated by Urug
             ... wielding a +2 eveningstar of holy wrath
              (38 damage)
             ... on level 2 of the Lair of Beasts.
             The game lasted 00:34:53 (15057 turns).

Dani the Cleaver (Demonspawn Fighter)              Turns: 15057, Time: 00:34:53

Health: -26/101    AC: 18    Str: 16    XL:     12   Next: 71%
Magic:  5/5        EV: 16    Int: 14    God:    Ashenzari [****..]
Gold:   756        SH:  6    Dex: 14    Spells: 17/17 levels left

rFire   . . .        F - +2 war axe (antimagic)
rCold   . . .        c - +0 buckler of Ouranomancy {Elem, Cun} (curse)
rNeg    . . .        b - +0 scale mail "Circumscribed Apathy" {Fort, Alch} (curse)
rPois   .            D - +0 helmet "Oracle of Ashenzari" {Cun, Evo} (curse)
rElec   .            C - +0 cloak of the Stellar Visionary {Bglg, Self} (curse)
rCorr   .            g - +0 pair of gloves of Supernal Wisdom {Elem, Melee} (curse)
SInv    +            A - +0 pair of boots "Ennui of Ashenzari" {Self, Melee} (curse)
Will    +....        (no amulet)
Stlth   +            q - ring of willpower
HPRegen 0.36/turn    j - ring "Bound Mistrust" {AC+4, Elem, Cun} (curse)
MPRegen 0.09/turn

%: clarity
@: mighty
A: claws 2, sturdy frame 2, demonic magic 2
a: Renounce Religion, Curse Item, Shatter the Chains


You were on level 2 of the Lair of Beasts.
You worshipped Ashenzari.
Ashenzari was greatly pleased with you.
You visited 2 branches of the dungeon, and saw 13 of its levels.
You also visited: Sewer, Bailey and Ice Cave.

You collected 1217 gold pieces.
You spent 461 gold pieces at shops.

Inventory:

Hand Weapons
 f - a +2 spear of venom
   (You found it on level 1 of the Dungeon)
 F - a +2 antimagic war axe (weapon)
   (You bought it in a shop on level 8 of the Dungeon)
 G - a +3 war axe
   (You took it off a wight on level 9 of the Dungeon)
Missiles
 d - 23 poisoned darts (quivered)
 Z - a throwing net
Armour
 b - the cursed +0 scale mail "Circumscribed Apathy" (worn) {Fort, Alch}

   It has a curse which improves the following skills: Fortitude: Armour and
   Shields.
   Alchemy:   Poison Magic and Transmutations.
 c - the cursed +0 buckler of Ouranomancy (worn) {Elem, Cun}

   It has a curse which improves the following skills: Elements: Fire Magic, Ice
   Magic, Air Magic and Earth Magic.
   Cunning:   Dodging and Stealth.
 g - the cursed +0 pair of gloves of Supernal Wisdom (worn) {Elem, Melee}
   (You found it on level 1 of the Dungeon)

   It has a curse which improves the following skills: Elements: Fire Magic, Ice
   Magic, Air Magic and Earth Magic.
   Melee Combat: Short Blades, Long Blades, Axes, Maces & Flails, Polearms,
   Staves and Unarmed Combat.
 w - the +1 helmet "Lairono" {rPois rC+ Will- Dex+3}
   (You found it in a bailey)

   Dex:       It affects your dexterity (+3).
   rC:        It protects you from cold.
   rPois:     It protects you from poison.
   Will:      It decreases your willpower.
 y - a +1 crystal plate armour
   (You took it off an orc warrior in a bailey)
 A - the cursed +0 pair of boots "Ennui of Ashenzari" (worn) {Self, Melee}
   (You found it on level 6 of the Dungeon)

   It has a curse which improves the following skills: Introspection: Fighting
   and Spellcasting.
   Melee Combat: Short Blades, Long Blades, Axes, Maces & Flails, Polearms,
   Staves and Unarmed Combat.
 C - the cursed +0 cloak of the Stellar Visionary (worn) {Bglg, Self}
   (You bought it in a shop on level 6 of the Dungeon)

   It has a curse which improves the following skills: Beguiling: Conjurations,
   Hexes and Translocations.
   Introspection: Fighting and Spellcasting.
 D - the cursed +0 helmet "Oracle of Ashenzari" (worn) {Cun, Evo}
   (You bought it in a shop on level 6 of the Dungeon)

   It has a curse which improves the following skills: Cunning: Dodging and
   Stealth.
   Evocations: Evocations.
Jewellery
 j - the cursed ring "Bound Mistrust" (right hand) {AC+4, Elem, Cun}
   (You found it on level 2 of the Dungeon)

   [ring of protection]

   AC:        It affects your AC (+4).
   It has a curse which improves the following skills: Elements: Fire Magic, Ice
   Magic, Air Magic and Earth Magic.
   Cunning:   Dodging and Stealth.
 p - a ring of willpower
   (You found it on level 2 of the Lair of Beasts)
 q - a ring of willpower (left hand)
   (You found it on level 2 of the Dungeon)
 z - a ring of magical power
   (You found it on level 6 of the Dungeon)
 I - a ring of ice
   (You found it on level 10 of the Dungeon)
 J - a ring of wizardry
   (You found it on level 10 of the Dungeon)
 K - a ring of ice
   (You took it off a kobold on level 11 of the Dungeon)
Wands
 a - a wand of charming (1)
   (You found it on level 1 of the Lair of Beasts)
 x - a wand of polymorph (8)
   (You found it on level 6 of the Dungeon)
 V - a wand of flame (8)
   (You found it on level 2 of the Lair of Beasts)
Scrolls
 h - 3 scrolls of silence
 i - 4 scrolls of enchant weapon
 l - a scroll of enchant armour
 m - a scroll of immolation
 n - 3 scrolls of fog
 o - 2 scrolls of amnesia
 s - 3 scrolls of poison
 B - 3 scrolls of blinking
 L - 2 scrolls of fear
 M - 3 scrolls of magic mapping
 R - 16 scrolls of identify {@r1}
 T - 5 scrolls of teleportation
Potions
 e - 4 potions of heal wounds
 k - a potion of brilliance
 r - 3 potions of resistance
 t - 3 potions of mutation {!q}
 u - a potion of cancellation
 v - 3 potions of flight
 E - a potion of might
 H - a potion of haste
 N - 2 potions of invisibility
 Q - 6 potions of curing {@q1}


   Skills:
 + Level 9.0(11.7) Fighting
 + Level 10.6(13.3) Axes
 + Level 8.2(10.1) Armour
 + Level 7.4(11.1) Dodging
 + Level 8.1(10.0) Shields
 - Level 1.5(3.3) Spellcasting
 + Level 7.3(10.9) Earth Magic


You had 17 spell levels left.
You didn't know any spells.
Your spell library contained the following spells:

 Spells                   Type           Power      Damage    Failure   Level
 Freeze                   Ice            12%        1d3       28%         1
 Shock                    Conj/Air       12%        1d3       30%         1
 Slow                     Hex            8%         N/A       32%         1
 Blink                    Tloc           4%         N/A       45%         2
 Frozen Ramparts          Ice            6%         1d1       65%         3
 Swiftness                Air            3%         N/A       65%         3
 Hailstorm                Conj/Ice       3%         3d3       67%         3
 Confusing Touch          Hex            2%         N/A       69%         3
 Vampiric Draining        Necr           2%         2d6       71%         3
 Airstrike                Air            1%         2d(1-17)  96%         4
 Manifold Assault         Tloc           2%         N/A       97%         4
 Storm Form               Tmut/Air       1%         N/A       100%        7


Dungeon Overview and Level Annotations

Branches:
Dungeon (11/15)            Temple (0/1) D:4            Lair (2/5) D:11
  Snake (0/4) Lair:2          Orc (0/2) D:9           Sewer (visited)
 Bailey (visited)           IceCv (visited)
  Swamp: Lair:2-3    Shoals: Lair:2-3

Altars:
Ashenzari
Cheibriados
Hepliaklqana
Wu Jian

Shops:
D:6 [   D:7 *(   D:8 (

Annotations:
D:9 4 transporters
Lair:2 Urug


Innate Abilities, Weirdness & Mutations

You have very sharp fingernails.
Your movements are less encumbered by armour. (ER -4)
Spells you cast may paralyse nearby enemies.


Message History

A cane toad comes into view.
A cane toad is nearby!
Found a +0 leather armour.
The cane toad gives a loud, deep croak!
You hit the cane toad.
The cane toad is lightly wounded.
The cane toad stings you!
You slash the cane toad!
The cane toad is moderately wounded.
You block the cane toad's attack.
A cane toad is nearby!
You hit the cane toad.
The cane toad is moderately wounded.
The cane toad misses you.
Urug the Orcish Ballista comes into view.
She is wielding a +2 eveningstar of holy wrath and carrying a wand of charming (4).
You hit the cane toad.
The cane toad is moderately wounded.
The cane toad misses you.
Urug throws a javelin.
The javelin pierces through you!
There are monsters nearby!
You slash the cane toad!
The cane toad is severely wounded.
The cane toad misses you.
There are monsters nearby!
You slash the cane toad!
You kill the cane toad!
A black mamba comes into view.
Urug zaps a wand.
You resist with almost no effort.
Your base Fighting skill increases to level 9!
Urug throws a javelin.
The javelin pierces through you!
Found a stone staircase leading down.
Throw: 24 darts (poison)
Press: ? - help, Q - select action, (/) - cycle Shift-Dir - straight line, f - Urug
Aim: Urug, wielding a +2 eveningstar of holy wrath, wearing a +4 scale mail, quivering javelins and carrying a wand of charming (3) (58% to hit)
You throw a poisoned dart. The poisoned dart hits Urug.
Urug is poisoned.
Okay, then.
You feel very mighty all of a sudden. Urug closely misses you.
The black mamba misses you.
You hit Urug.
Urug is lightly wounded.
You closely miss the black mamba.
The black mamba bites you but does no damage.
Urug zaps a wand.
You resist with almost no effort.
You barely miss Urug.
Urug is lightly wounded.
You hit the black mamba.
The black mamba bites you but does no damage. x2
Urug zaps a wand.
You resist with almost no effort.
You barely miss Urug.
Urug is lightly wounded.
You miss the black mamba. You block the black mamba's attack.
Urug hits you with a +2 eveningstar of holy wrath.
You convulse!
* * * LOW HITPOINT WARNING * * *
You closely miss Urug.
Urug is lightly wounded.
You miss the black mamba.
The black mamba bites you but does no damage.
The black mamba bites you!
* * * LOW HITPOINT WARNING * * *
You are poisoned.
The black mamba poisons you!
Urug zaps a wand.
You resist with almost no effort.
The now-empty wand crumbles to dust.
You hit Urug.
Urug is lightly wounded.
You hit the black mamba but do no damage.
You feel very sick.
The black mamba bites you but does no damage.
You closely miss Urug.
Urug is lightly wounded.
You closely miss the black mamba.
You feel very sick.
The black mamba bites you but does no damage.
Urug hits you with a +2 eveningstar of holy wrath.
* * * LOW HITPOINT WARNING * * *
You convulse.
* * * LOW HITPOINT WARNING * * *
The black mamba closely misses you.
You slice Urug!!
Urug is moderately wounded.
You barely miss the black mamba.
You feel sick. The black mamba barely misses you. Urug completely misses you.
You slash Urug!
Urug is heavily wounded.
You slash the black mamba!
You feel sick. The black mamba bites you.
* * * LOW HITPOINT WARNING * * *
You are lethally poisoned!
The black mamba poisons you! You block Urug's attack.
You block the black mamba's attack.
You feel better.
Urug looks more healthy.
The black mamba bites you.
* * * LOW HITPOINT WARNING * * *
You block Urug's attack.
You slash Urug!
Urug is heavily wounded.
You hit the black mamba but do no damage.
You block the black mamba's attack. x2
Urug hits you with a +2 eveningstar of holy wrath!!
* * * LOW HITPOINT WARNING * * *
You convulse!!!
You die...

..########, , * * *# .[P#.#####
*,.>.* #.# ** .........# ..,*
...# ....####.# *..* *##.# ..###
##.# *#.## *##... #.# #..#
#.P### ### *,.#...# P.# ##.##
.(..##... ,,...... P.# ##..#
*#o#..##.# ###.#. #.#####..P#
#@#..##.# #.## .......#.##
##S†###.# #... ##..#....#
*#...##..#######.##
##......##*###.#..#...##.##.#..#
####....#...##.....P........<##
#.............#...##..#...#
##...##.....S####P..###..#.#
#..#.##..##..** ##..# #..#.##
#...(....>...,* #.#####.#.##


You could see Urug and a black mamba.

Vanquished Creatures
  Fannar (Lair:1)
  A two-headed ogre (D:10)
  A boulder beetle (D:8)
  3 death yaks
  Pikel (D:7)
  An orc knight (Bailey)
  2 black mambas (Lair:1)
  5 cane toads
  A gargoyle (D:11)
  A rime drake (Lair:2)
  2 komodo dragons
  An efreet (D:8)
  4 trolls
  A polar bear (Lair:1)
  Sigmund (D:6)
  5 wyverns
  A basilisk (Lair:1)
  38 yaks
  2 swamp worms (Lair:2)
  8 water moccasins
  12 orc warriors
  A sky beast (D:7)
  3 black bears
  A tengu (D:11)
  17 wolves
  3 ogres
  3 centaurs
  A lemure (D:8)
  2 phantoms
  3 kobold brigands
  8 bullfrogs
  2 gnoll sergeants
  3 scorpions
  12 wights
  13 killer bees
  An electric eel (Lair:1)
  A gnoll bouda (D:7)
  5 hounds
  4 orc priests
  An iguana (D:5)
  A sleepcap (D:5)
  10 orc wizards
  17 gnolls
  9 adders
  A river rat (Sewer)
  A shadow imp (D:7)
  A white imp (D:7)
  A dart slug (D:3)
  46 orcs
  4 endoplasms
  4 giant cockroaches
  10 goblins
  6 hobgoblins
  9 jackals
  8 quokkas
  4 ball pythons
  8 bats
  2 frilled lizards
  15 kobolds
  14 rats
347 creatures vanquished.

Vanquished Creatures (collateral kills)
  An ugly thing (IceCv)
1 creature vanquished.

Vanquished Creatures (others)
  A centaur (D:11)
  An orc wizard (D:8)
  16 fungi
  18 plants (Lair:2)
36 creatures vanquished.

Grand Total: 384 creatures vanquished

Notes
Turn   | Place    | Note
-------+----------+-------------------------------------------
     0 | D:1      | Dani the Demonspawn Fighter began the quest for the Orb.
     0 | D:1      | Reached XP level 1. HP: 18/18 MP: 1/1
    60 | D:1      | Reached skill level 2 in Axes
   166 | D:1      | Gained mutation: Your movements are slightly less
                  | encumbered by armour. (ER -2) [demonic ancestry]
   166 | D:1      | Reached XP level 2. HP: 24/24 MP: 2/2
   194 | D:1      | Reached skill level 3 in Axes
   225 | D:1      | Gained mutation: You have sharp fingernails. [demonic
                  | ancestry]
   225 | D:1      | Reached XP level 3. HP: 10/29 MP: 3/3
   227 | D:1      | HP: 7/29 [rat (1)]
   234 | D:1      | HP: 4/29 [bat (1)]
   424 | D:1      | Found a faded altar of an unknown god.
   440 | D:1      | Prayed at the altar of an unknown god.
   440 | D:1      | Became a worshipper of Ashenzari the Shackled
   932 | D:2      | Reached * piety under Ashenzari
   952 | D:2      | Gained mutation: You have very sharp fingernails. [demonic
                  | ancestry]
   952 | D:2      | Reached XP level 4. HP: 35/35 MP: 4/4
   962 | D:2      | Reached skill level 4 in Axes
  1947 | D:4      | Found a staircase to the Ecumenical Temple.
  1949 | D:4      | Reached ** piety under Ashenzari
  1963 | D:4      | Identified a scroll of acquirement
  2334 | D:4      | Gained mutation: Spells you cast may paralyse adjacent
                  | enemies. [demonic ancestry]
  2334 | D:4      | Reached XP level 5. HP: 40/41 MP: 5/5
  2524 | D:4      | Reached skill level 5 in Axes
  2638 | D:5      | Entered Level 5 of the Dungeon
  2851 | D:5      | Gained mutation: Your movements are less encumbered by
                  | armour. (ER -4) [demonic ancestry]
  2851 | D:5      | Reached XP level 6. HP: 37/47 MP: 6/6
  2915 | D:5      | Found a glowing drain.
  2921 | Sewer    | Entered a sewer
  3006 | Sewer    | HP: 10/47 [kobold brigand/+0 short sword (7)]
  3296 | D:5      | Identified the +0 spear "Cothryps" {flame, rCorr Int+3
                  | Dex-2}
  3342 | D:5      | Noticed a water moccasin
  3347 | D:5      | Reached skill level 3 in Armour
  3347 | D:5      | Reached skill level 3 in Shields
  3347 | D:5      | Reached skill level 1 in Spellcasting
  3359 | D:5      | Killed a water moccasin
  3360 | D:5      | Reached skill level 6 in Axes
  3360 | D:5      | Reached skill level 1 in Dodging
  3360 | D:5      | Reached XP level 7. HP: 35/52 MP: 8/8
  3571 | D:5      | Acquired 568 gold pieces
  3573 | D:5      | Acquired the ring "Afottur" {rPois MP+9 Str+3 Int-4}
  3997 | D:6      | Reached *** piety under Ashenzari
  4086 | D:6      | Noticed Sigmund
  4119 | D:6      | Killed Sigmund
  4120 | D:6      | Reached skill level 4 in Fighting
  4120 | D:6      | Reached skill level 2 in Dodging
  4120 | D:6      | Reached skill level 1 in Earth Magic
  4404 | D:6      | Found Jung's Antique Armour Boutique.
  4417 | D:6      | Reached XP level 8. HP: 54/60 MP: 10/10
  4985 | D:6      | Bought a cloak for 112 gold pieces
  4990 | D:6      | Bought a helmet for 112 gold pieces
  5340 | D:7      | Reached skill level 7 in Axes
  5340 | D:7      | Reached skill level 4 in Armour
  5365 | D:7      | Found Qegats's Weapon Emporium.
  5373 | D:7      | Reached skill level 4 in Shields
  5397 | D:7      | Reached **** piety under Ashenzari
  5423 | D:7      | Found Horphept's Humungous Hoard.
  5462 | D:7      | Bought a potion of heal wounds for 55 gold pieces
  5481 | D:7      | Reached skill level 2 in Earth Magic
  5863 | D:8      | Noticed Pikel
  5894 | D:7      | Killed Pikel
  5895 | D:7      | Reached skill level 3 in Dodging
  5895 | D:7      | Gained mutation: Spells you cast may paralyse nearby
                  | enemies. [demonic ancestry]
  5895 | D:7      | Reached XP level 9. HP: 61/67 MP: 11/11
  5901 | D:7      | Identified the cursed +0 war axe of Cremastomancy {Melee,
                  | Comp}
  5901 | D:7      | Identified the cursed +0 pair of gloves of Supernal Wisdom
                  | {Elem, Melee} (You found it on level 1 of the Dungeon)
  5901 | D:7      | Identified the cursed +0 pair of boots "Ennui of Ashenzari"
                  | {Self, Melee} (You found it on level 6 of the Dungeon)
  5901 | D:7      | Identified the cursed +0 buckler of Ouranomancy {Elem, Cun}
  5901 | D:7      | Identified the cursed +0 scale mail "Circumscribed Apathy"
                  | {Fort, Alch}
  5901 | D:7      | Identified the cursed ring "Bound Mistrust" {AC+4, Elem,
                  | Cun} (You found it on level 2 of the Dungeon)
  5989 | D:8      | Reached skill level 5 in Fighting
  6048 | D:8      | Reached skill level 8 in Axes
  6048 | D:8      | Reached skill level 3 in Earth Magic
  6119 | D:8      | Found a flagged portal.
  6144 | Bailey   | Entered a bailey
  6331 | Bailey   | Reached skill level 5 in Armour
  6338 | Bailey   | Reached skill level 5 in Shields
  6343 | Bailey   | Reached skill level 4 in Dodging
  6398 | Bailey   | Noticed an orc knight
  6413 | Bailey   | Killed an orc knight
  6670 | Bailey   | Reached XP level 10. HP: 61/80 MP: 14/14
  6676 | Bailey   | Identified the +1 helmet "Lairono" {rPois rC+ Will- Dex+3}
  6889 | D:8      | Reached skill level 6 in Fighting
  6889 | D:8      | Reached skill level 4 in Earth Magic
  7075 | D:8      | Noticed a boulder beetle
  7087 | D:8      | Killed a boulder beetle
  7088 | D:8      | Reached skill level 9 in Axes
  7318 | D:8      | HP: 19/83 [efreet/fireball (27)]
  7720 | D:8      | Found Geokique's Antique Weapon Emporium.
  7726 | D:8      | Bought a glowing war axe for 182 gold pieces
  7891 | D:9      | Reached skill level 6 in Armour
  7906 | D:8      | Reached skill level 5 in Dodging
  8347 | D:9      | Reached skill level 6 in Shields
  8418 | D:9      | Found a staircase to the Orcish Mines.
  8544 | D:9      | Reached ***** piety under Ashenzari
  8602 | D:9      | Identified the +9 sling "Aped" {antimagic, rCorr}
  8665 | D:9      | Found a hazy altar of Hepliaklqana.
  8762 | D:9      | Found a transporter.
  9091 | D:9      | Found a transporter.
  9160 | D:9      | Found a transporter.
  9194 | D:9      | Found a transporter.
  9285 | D:10     | Entered Level 10 of the Dungeon
  9322 | D:10     | Reached skill level 5 in Earth Magic
  9355 | D:10     | Reached XP level 11. HP: 74/90 MP: 8/16
  9367 | D:10     | Reached skill level 7 in Fighting
 10201 | D:10     | Noticed a two-headed ogre
 10211 | D:10     | Killed a two-headed ogre
 10424 | D:11     | Reached skill level 6 in Dodging
 10446 | D:11     | Reached skill level 7 in Armour
 10669 | D:11     | HP: 18/92 [electric eel/bolt of electricity (6)]
 11421 | D:11     | Reached skill level 7 in Shields
 11421 | D:11     | Reached skill level 6 in Earth Magic
 11525 | D:11     | Found a staircase to the Lair.
 11895 | D:11     | Found an ornate altar of the Wu Jian Council.
 12118 | Lair:1   | Entered Level 1 of the Lair of Beasts
 12190 | Lair:1   | Noticed Fannar
 12212 | Lair:1   | Killed Fannar
 12213 | Lair:1   | Reached skill level 10 in Axes
 12454 | Lair:1   | Reached skill level 8 in Fighting
 12462 | Lair:1   | Found a snail-covered altar of Cheibriados.
 12562 | Lair:1   | Reached XP level 12. HP: 77/100 MP: 8/17
 13405 | Lair:1   | Noticed a six-headed hydra
 13446 | Lair:2   | Found a frozen archway.
 13463 | IceCv    | Entered an ice cave
 13475 | IceCv    | Found a transporter.
 13481 | IceCv    | Found a transporter.
 13628 | Lair:2   | Found a staircase to the Snake Pit.
 13747 | Lair:2   | Noticed a death yak
 13747 | Lair:2   | Noticed a death yak
 13747 | Lair:2   | Noticed a death yak
 13783 | Lair:2   | Killed a death yak
 13797 | Lair:2   | Killed a death yak
 13798 | Lair:2   | Reached skill level 7 in Dodging
 13817 | Lair:1   | Killed a death yak
 14207 | Lair:1   | Reached skill level 7 in Earth Magic
 14209 | Lair:1   | Reached skill level 8 in Armour
 14362 | Lair:2   | HP: 23/100 [skyshark (13)]
 14384 | Lair:2   | HP: 24/100 [skyshark (7)]
 14408 | Lair:2   | HP: 22/100 [swamp worm/harpoon shot (6)]
 14416 | Lair:2   | HP: 15/100 [swamp worm (3)]
 14690 | Lair:2   | Reached skill level 8 in Shields
 15040 | Lair:2   | Noticed Urug
 15044 | Lair:2   | Reached skill level 9 in Fighting
 15057 | Lair:2   | HP: 12/101 [Urug/+2 eveningstar of holy wrath (27)]
 15057 | Lair:2   | Annihilated by Urug

Illustrated notes

Levels and vault maps discovered:
D:1:      dpeg_arrival_round_c, layout_rooms,
          hellmonk_ecumenical_altar_leap_of_faith
D:2:      layout_basic, basic_altar, st_stairs_2
D:3:      layout_basic
D:4:      layout_loops_cross, minmay_temple_entry_grid
D:5:      layout_basic, gup_sewer_entry_bubbles
D:6:      layout_loops_corners, serial_shops, shop, nicolae_zen_rock_garden,
          uniq_sigmund
D:7:      layout_basic, serial_shops, shop, kennysheep_cross_bottleneck,
          nicolae_alphabet_shops
D:8:      layout_rooms, serial_shops, nicolae_shop_rolling_square,
          enter_bailey_7, grunt_ministairs_9, minmay_crystal_water,
          minmay_misc_feat_rugged, minivault_26, minmay_small_thing, uniq_pikel
D:9:      layout_stronghold, kennysheep_little_box, erik_orc_3,
          serial_column_ruins, column_ruins_open_tiny,
          column_ruins_corridor_straight, column_ruins_open_tiny,
          column_ruins_open_tiny_water, column_ruins_columns_T,
          nicolae_transporter_intersection
D:10:     layout_basic
D:11:     layout_small_grid, erik_lair_island, nzn_wu_jian_council_hall
Lair:1:   cheibrodos_lair_river_kwai, layout_long_grid, basic_altar,
          fungi_pond_lemuel, serial_bayou_shore_b, uniq_fannar
Lair:2:   layout_loops_ring, elwin_shoals_entry_rooms, dummy_snake_entry,
          portal_ice_cave_entry_ice_simulacra, worms_lemuel, uniq_urug

Skill      XL: |  1  2  3  4  5  6  7  8  9 10 11 12 |
---------------+-------------------------------------+-----
Axes           | 2 3 4 5 6 7 8 9 10 | 10.6
Armour         | 3 4 5 6 7 8 |  8.2
Shields        | 3 4 5 6 7 8 |  8.1
Spellcasting   | 1 |  1.5
Dodging        | 1 2 3 4 5 6 7 |  7.4
Fighting       | 4 5 6 8 9 |  9.0
Earth Magic    | 1 2 3 5 6 7 |  7.3

Action                     |  1- 3 |  4- 6 |  7- 9 | 10-12 || total
---------------------------+-------+-------+-------+-------++-------
  Melee: Spear             |   108 |       |       |       ||   108
         War axe           |     5 |   160 |   349 |   849 ||  1363
         Unarmed           |       |       |     7 |       ||     7
  Throw: Dart              |       |     1 |    15 |    15 ||    31
 Invoke: Curse Item        |     2 |     2 |     2 |     3 ||     9
         Shatter the Chain |       |       |       |     2 ||     2
  Evoke: Wand              |       |       |    10 |    12 ||    22
    Use: Scroll            |     2 |       |     2 |     3 ||     7
         Potion            |       |     2 |     1 |     4 ||     7
 Armour: Scale mail        |    59 |    68 |   183 |   340 ||   650
         Skin              |       |       |     4 |       ||     4
  Dodge: Dodged            |    53 |    54 |   241 |   574 ||   922
  Block: Buckler           |    25 |    35 |   110 |   259 ||   429

Levels and vault maps discovered:
D:1:      dpeg_arrival_round_c, layout_rooms,
          hellmonk_ecumenical_altar_leap_of_faith
D:2:      layout_basic, basic_altar, st_stairs_2
D:3:      layout_basic
D:4:      layout_loops_cross, minmay_temple_entry_grid
D:5:      layout_basic, gup_sewer_entry_bubbles
D:6:      layout_loops_corners, serial_shops, shop, nicolae_zen_rock_garden,
          uniq_sigmund
D:7:      layout_basic, serial_shops, shop, kennysheep_cross_bottleneck,
          nicolae_alphabet_shops
D:8:      layout_rooms, serial_shops, nicolae_shop_rolling_square,
          enter_bailey_7, grunt_ministairs_9, minmay_crystal_water,
          minmay_misc_feat_rugged, minivault_26, minmay_small_thing, uniq_pikel
D:9:      layout_stronghold, kennysheep_little_box, erik_orc_3,
          serial_column_ruins, column_ruins_open_tiny,
          column_ruins_corridor_straight, column_ruins_open_tiny,
          column_ruins_open_tiny_water, column_ruins_columns_T,
          nicolae_transporter_intersection
D:10:     layout_basic
D:11:     layout_small_grid, erik_lair_island, nzn_wu_jian_council_hall
Lair:1:   cheibrodos_lair_river_kwai, layout_long_grid, basic_altar,
          fungi_pond_lemuel, serial_bayou_shore_b, uniq_fannar
Lair:2:   layout_loops_ring, elwin_shoals_entry_rooms, dummy_snake_entry,
          portal_ice_cave_entry_ice_simulacra, worms_lemuel, uniq_urug

Table legend: (Time is in decaauts)
 A = Elapsed time spent in this place.
 B = Non-inter-level travel time spent in this place.
 C = Inter-level travel time spent in this place.
 D = Time resting spent in this place.
 E = Time spent auto-exploring this place.
 F = Levels seen in this place.
 G = Mean time per level.
                   A        B        C        D        E       F      G
               +--------+--------+--------+--------+--------+-----+--------+
         Total |  15100 |  14580 |    520 |    616 |  10933 |  16 |  943.8 |
       Dungeon |  11132 |  10644 |    488 |    172 |   8455 |  11 | 1012.0 |
          Lair |   2873 |   2842 |     31 |    378 |   1868 |   2 | 1436.5 |
         Sewer |    388 |    388 |      0 |      0 |    294 |   1 |  388.0 |
        Bailey |    673 |    673 |      0 |     66 |    315 |   1 |  673.0 |
      Ice Cave |     32 |     32 |      0 |      0 |      0 |   1 |   32.0 |
               +--------+--------+--------+--------+--------+-----+--------+

Top non-repeatable levels by time:
    D:10: 1831 daAuts
  Lair:1: 1752 daAuts
     D:8: 1734 daAuts
     D:6: 1251 daAuts
  Lair:2: 1120 daAuts
     D:5: 986 daAuts
     D:9: 986 daAuts
    D:11: 977 daAuts
     D:3: 766 daAuts
     D:4: 701 daAuts
     D:7: 697 daAuts
  Bailey: 673 daAuts
     D:1: 658 daAuts
     D:2: 542 daAuts
   Sewer: 388 daAuts

Table legend:
 A = Kills in this place as a percentage of kills in the entire game.
 B = Kills by you in this place as a percentage of kills by you in the entire game.
 C = Kills by friends in this place as a percentage of kills by friends in the entire game.
 D = Other kills in this place as a percentage of other kills in the entire game.
 E = Experience gained in this place as a percentage of experience gained in the entire game.
 F = Experience gained in this place divided by the number of levels of this place that you have seen.
                   A       B       C       D       E      F
               +-------+-------+-------+-------+-------+----------------------
         Total | 100.0 | 100.0 | 100.0 | 100.0 | 100.0 | 2088.8
       Dungeon |  72.4 |  72.5 |   0.0 | 100.0 |  50.6 | 1536.9
          Lair |  16.7 |  16.8 |   0.0 |   0.0 |  42.4 | 7090.5
         Sewer |   2.9 |   2.9 |   0.0 |   0.0 |   0.4 | 120.0
        Bailey |   7.8 |   7.8 |   0.0 |   0.0 |   5.1 | 1690.0
      Ice Cave |   0.3 |   0.0 | 100.0 |   0.0 |   1.6 | 523.0
               +-------+-------+-------+-------+-------+----------------------
